 Dungeon Crawl Stone Soup version 0.14-a0-30-gf0b6e91 (webtiles) character file.

100 Kae the Sneak (level 3, 0/16 HPs)
             Began as a Spriggan Enchanter on Sept 26, 2013.
             Killed from afar by a hobgoblin (7 damage)
             ... with a wand of flame
             ... on Level 2 of the Dungeon.
             The game lasted 00:01:48 (769 turns).

Kae the Sneak (Spriggan Enchanter)                   Turns: 769, Time: 00:01:48

HP   0/16        AC  3     Str  5      XL: 3   Next: 10%
MP   5/9         EV 18     Int 16      God:
Gold 68          SH  0     Dex 16      Spells:  2 memorised,  2 levels left

Res.Fire  : . . .   See Invis. : +   a - +4,+1 dagger
Res.Cold  : . . .   Warding    : .   b - +1 robe
Life Prot.: . . .   Conserve   : +   (shield restricted)
Res.Poison: .       Res.Corr.  : .   (helmet restricted)
Res.Elec. : .       Clarity    : .   (no cloak)
Sust.Abil.: . .     Spirit.Shd : .   (gloves unavailable)
Res.Mut.  : .       Rnd.Telep. : +   (boots unavailable)
Res.Rott. : .       Flight     : .   j - amulet of conservation
Saprovore : . . .                    (no ring)
                                     g - cursed ring of teleportation

@: very quick, slightly resistant to hostile enchantments, quite stealthy
A: unfitting armour, see invisible, herbivore 3, speed 3, slow metabolism 2
a: Evoke Teleportation


You were on level 2 of the Dungeon.
You were not hungry.

You visited 1 branch of the dungeon, and saw 2 of its levels.

You collected 48 gold pieces.

Inventory:

Hand weapons
 a - a +4,+1 dagger (weapon)
Missiles
 d - 16 darts (quivered)
 f - 63 stones
Armour
 b - a +1 robe (worn)
Scrolls
 k - a scroll of enchant weapon I
Jewellery
 g - a cursed ring of teleportation (left hand)
 j - an amulet of conservation (around neck)
Potions
 e - a potion of porridge
 h - a potion of might {unknown}
 i - a potion of heal wounds {unknown}
Books
 c - a book of Maledictions

   Spells                             Type                      Level
   *Corona                            Hexes                        1
   Sure Blade                         Hexes/Charms                 2
   *Ensorcelled Hibernation           Hexes/Ice                    2
   Confuse                            Hexes                        3
   Enslavement                        Hexes                        4
   Invisibility                       Hexes                        6


   Skills:
 * Level 2.1 Short Blades
 - Level 1.1 Throwing
 - Level 3.0 Dodging
 * Level 4.1 Stealth
 + Level 1.9 Spellcasting
 + Level 3.8 Hexes


You had 2 spell levels left.
You knew the following spells:

 Your Spells              Type           Power        Failure   Level  Hunger
a - Corona                Hex            ##.....      6%          1    #......
b - Ensorcelled Hibernat  Hex/Ice        #.....       17%         2    ###....


Dungeon Overview and Level Annotations

Branches:
Dungeon (2/27)

Altars:
Vehumet


Innate Abilities, Weirdness & Mutations

You are tiny and cannot use many weapons and most armour.
You have supernaturally acute eyesight.
You are a herbivore.
You cover ground extremely quickly.
You need consume almost no food.


Message History

You completely miss the hobgoblin. The giant cockroach closely misses you.
The bat closely misses you.
You hit the giant cockroach but do no damage.
The bat closely misses you. The hobgoblin hits you.
The giant cockroach completely misses you.
You hit the giant cockroach but do no damage.
The bat barely misses you. The giant cockroach barely misses you.
The hobgoblin barely misses you.
You hit the giant cockroach but do no damage.
The bat closely misses you. The giant cockroach barely misses you.
The hobgoblin zaps a wand.
The puff of flame hits you!
You hit the giant cockroach.
The giant cockroach is heavily wounded.
The giant cockroach misses you. The hobgoblin misses you.
You hit the giant cockroach but do no damage.
The giant cockroach is heavily wounded.
The bat closely misses you. The giant cockroach misses you.
The hobgoblin zaps a wand.
The puff of flame hits you!
You die...

. #.#. #. #.#. ###.##
#..# #....#####
#.####.## #........#
#.....## #....#...#
######.## #........#
##.#
#..#g_.#.##########..
#...@b...#.......<...
#..s.#.....########..
#........### #..
########## #.. #..
#.# #.# #.# .


You could see a giant cockroach, a hobgoblin and a bat.

Vanquished Creatures
  Terence (D:2)
  4 goblins
  3 hobgoblins
  A kobold (D:1)
  A ball python (D:1)
  4 bats (D:1)
  A giant gecko (D:1)
  2 giant newts (D:1)
  4 rats
21 creatures vanquished.

Notes
Turn   | Place    | Note
--------------------------------------------------------------
     0 | D:1      | Kae, the Spriggan Enchanter, began the quest for the Orb.
     0 | D:1      | Reached XP level 1. HP: 9/9 MP: 4/4
   284 | D:1      | Reached XP level 2. HP: 7/13 MP: 6/6
   698 | D:2      | Noticed Terence
   703 | D:2      | Learned a level 2 spell: Ensorcelled Hibernation
   710 | D:2      | Killed Terence
   710 | D:2      | Reached skill level 4 in Stealth
   710 | D:2      | Reached XP level 3. HP: 16/16 MP: 3/9
   756 | D:2      | Found a radiant altar of Vehumet.
   769 | D:2      | Killed from afar by a hobgoblin

Action                   || total
-------------------------++-------
Melee: Dagger            ||    50
 Cast: Ensorcelled Hiber ||     2
  Use: Scroll            ||     6
 Stab: Sleeping          ||     9
